 Dungeon Crawl Stone Soup version 0.29.1-2-gbd0b4ee654 (webtiles) character file.

Game seed: 5818844242813975423

25 MaxHasHax6295 the Trooper (level 2, -2/28 HPs)
             Began as a Minotaur Berserker on Oct 27, 2022.
             Was a Believer of Trog.
             Slain by Robin
             ... wielding a +1 short sword of venom
              (4 damage)
             ... on level 1 of the Dungeon.
             The game lasted 00:01:27 (808 turns).

MaxHasHax6295 the Trooper (Minotaur Berserker)       Turns: 808, Time: 00:01:28

Health: -2/28      AC:  2    Str: 21    XL:     2   Next: 82%
Magic:  1/1        EV: 12    Int:  4    God:    Trog [**....]
Gold:   61         SH:  0    Dex: 15    Spells: 1/1 levels left

rFire   + . .      SeeInvis .   a - +0 hand axe
rCold   + . .      Faith    .   (no shield)
rNeg    . . .      Spirit   .   b - +0 animal skin
rPois   .          Reflect  .   (helmet restricted)
rElec   .          Harm     .   c - scarf {rC+ rF+}
rCorr   .          Rampage  .   (no gloves)
Will    .....                   (no boots)
Stlth   +.........              (no amulet)
HPRegen 0.09/turn               g - +6 ring of dexterity
MPRegen 0.07/turn               (no ring)

@: lethally poisoned (-2 -> -6), on berserk cooldown, slowed, very slow
A: horns 2, retaliatory headbutt
a: Renounce Religion, Berserk, Trog's Hand


You were on level 1 of the Dungeon.
You worshipped Trog.
Trog was pleased with you.
You visited 1 branch of the dungeon, and saw 2 of its levels.

You collected 61 gold pieces.

Inventory:

Hand Weapons
 a - a +0 hand axe (weapon)
Armour
 b - a +0 animal skin (worn)
 c - a scarf of resistance (worn)
Jewellery
 g - a +6 ring of dexterity (left hand)
Scrolls
 f - a scroll of teleportation {unknown}
 h - a scroll of identify {unknown}
 i - a scroll of immolation {unknown}
Potions
 d - a potion of curing {unknown}
 e - a potion of magic {unknown}


   Skills:
 + Level 4.4 Fighting
 + Level 4.1 Axes
 + Level 2.5 Armour
 + Level 2.3 Dodging


You had one spell level left.
You didn't know any spells.
Your spell library was empty.

Dungeon Overview and Level Annotations

Branches:
Dungeon (2/15)

Altars:

Annotations:
D:1 Robin


Innate Abilities, Weirdness & Mutations

You have a pair of horns on your head.
You reflexively headbutt those who attack you in melee.


Message History

The goblin shouts!
The endoplasm closely misses you. You furiously retaliate!
You headbutt the endoplasm!
You kill the endoplasm!
Trog accepts your kill.
The goblin unwields a +0 club.
The goblin wields a +0 sling.
The goblin shoots a sling bullet.
The sling bullet misses you.
Robin says, "My army is invincible!"
Robin barely misses you.
Things that are here:
a +0 dagger; a goblin corpse You feel a strong urge to attack something.
Robin misses you.
There is a stone staircase leading up here.
You can't go down here!
You climb upwards.
You feel your anger nearly subside.
You are no longer berserk.
You are exhausted.
You feel yourself slow down.
There is a stone staircase leading down here.
Robin says, "My army is invincible!"
Robin hits you with a +1 short sword of venom.
* * * LOW HITPOINT WARNING * * *
You are lethally poisoned!
You are too injured to fight recklessly!
You are too injured to fight recklessly!
You are too injured to fight recklessly!
You are too injured to fight recklessly!
You are too injured to fight recklessly!
You hit Robin.
Robin is heavily wounded.
* * * LOW HITPOINT WARNING * * *
You feel very sick. Robin barely misses you.
You hit Robin.
Robin is severely wounded.
* * * LOW HITPOINT WARNING * * *
You feel sick.
Robin hits you with a +1 short sword of venom.
You die...

##.###.###..#.8..#######..8
#..........#..............
#######....###......[.....
#....# ##########... #....#
#<........#
#....###############
##.......#...#.#####
##.....##...#......
#.@...####.#######.
####g#.#..###.#.......
#....#.##.##....######
#.####........##...... #.##
#.#####..##.##### #..###.#
#..##.# ##..##.#
#..##.♣♣♣♣♣ ##.##.#
#..##......
#.##.#####..###♣♣♣♣♣


You could see Robin.

Vanquished Creatures
  An endoplasm (D:2)
  A giant cockroach (D:1)
  4 hobgoblins (D:2)
  3 kobolds
  3 ball pythons (D:1)
  A bat (D:1)
  2 frilled lizards (D:1)
  5 goblins
  2 rats (D:1)
22 creatures vanquished.

Notes
Turn   | Place    | Note
-------+----------+-------------------------------------------
     0 | D:1      | MaxHasHax6295 the Minotaur Berserker began the quest for
                  | the Orb.
     0 | D:1      | Reached XP level 1. HP: 19/19 MP: 0/0
     6 | D:1      | Noticed a polar bear
     6 | D:1      | Noticed a lindwurm
     6 | D:1      | Noticed a rime drake
     7 | D:1      | Noticed an anaconda
     7 | D:1      | Noticed a scorpion
   445 | D:1      | Reached XP level 2. HP: 25/27 MP: 1/1
   790 | D:2      | Noticed Robin
   801 | D:2      | Reached ** piety under Trog
   808 | D:1      | Slain by Robin

Illustrated notes

Levels and vault maps discovered:
D:1:      onia_arrival_zoo_common, layout_rooms, serial_forest,
          infiniplex_forest_lined_corner, infiniplex_forest_lined_4_way,
          infiniplex_forest_lined_room_, infiniplex_forest_straight_2,
          infiniplex_forest_clump_double, infiniplex_forest_clump_tiny,
          st_stairs_3
D:2:      layout_basic, palyth_stone_intersect, uniq_robin

Skill      XL: |  1  2 |
---------------+-------+-----
Fighting       | 4 |  4.4
Axes           | 4 |  4.1
Armour         | |  2.5
Dodging        | |  2.3

Action                   || total
-------------------------++-------
Melee: Hand axe          ||    34
       Headbutt          ||     2
Invok: Berserk           ||     1
Armor: Animal skin       ||     3
Dodge: Dodged            ||    21
